[Event "Titled Tuesday Blitz November 07 Early 2023"]
[White "aghasiyevkamal"]
[Black "Kravtsiv, Martyn"]
[BlackFideId "14113147"]
[WhiteElo "2614"]
[BlackElo "2858"]
[Result "0-1"]
[Round "4"]
[TimeControl "180+1"]
[Date "2023.11.07"]
[WhiteClock "0:00:12"]
[BlackClock "0:00:34"]
[Board "51"]

1. d4 d5 2. c4 e6 3. Nf3 Nf6 4. g3 Bb4+ 5. Bd2 Be7 6. Qc2 O-O 7. Bg2 c6 8. O-O Nbd7 9. Bf4 a5 10. Nbd2 Nh5 11. Be3 f5 12. cxd5 exd5 13. Bf4 Nxf4 14. gxf4 Nf6 15. Ne5 Ne4 16. Nxe4 fxe4 17. e3 Bf5 18. Qb3 Qc7 19. Rac1 Bd6 20. Kh1 Kh8 21. Qd1 g5 22. Qh5 gxf4 23. exf4 Qe7 24. Rc3 Qe6 25. Rg3 c5 26. Bh3 Bxe5 27. dxe5 Bxh3 28. Rxh3 Qf5 29. e6 Rae8 30. Rd1 d4 31. Qh4 e3 32. fxe3 Qe4+ 33. Kg1 Rg8+ 34. Rg3 Qxe3+ 35. Kg2 Qe2+ 36. Kh3 Qxe6+ 0-1


[Site "https://www.chess.com"]

[Event "Titled Tuesday Blitz November 07 Early 2023"]
[White "Tregubov, Pavel V."]
[Black "Nenezic, Marko"]
[WhiteFideId "4115341"]
[BlackFideId "912123"]
[WhiteElo "2613"]
[BlackElo "2855"]
[Result "0-1"]
[Round "4"]
[TimeControl "180+1"]
[Date "2023.11.07"]
[WhiteClock "0:00:00"]
[BlackClock "0:00:17"]
[Board "52"]

1. e4 c5 2. Nf3 d6 3. Bb5+ Nd7 4. Ba4 Nf6 5. O-O e6 6. Re1 Be7 7. c3 O-O 8. d4 Qc7 9. e5 Nd5 10. Bb3 cxd4 11. cxd4 N7b6 12. Bg5 Rd8 13. Nbd2 h6 14. Rc1 Qd7 15. Bxe7 Qxe7 16. Qe2 dxe5 17. dxe5 Bd7 18. Nd4 Qg5 19. N2f3 Qg4 20. h3 Qh5 21. Qe4 Qg6 22. Qxg6 fxg6 23. Nd2 Kf7 24. Ne4 Ke7 25. Nc5 Bc8 26. Red1 Nf4 27. Kf1 g5 28. a4 Nbd5 29. g3 Ng6 30. Re1 Ndf4 31. gxf4 Rxd4 32. fxg5 b6 33. Ne4 Ba6+ 34. Kg1 Nxe5 35. Rc7+ Kd8 36. Rxg7 Nf3+ 37. Kh1 Nxe1 38. Nf6 hxg5 39. Rg8+ Ke7 40. Rxa8 Bb7+ 41. Kh2 Bxa8 0-1


[Site "https://www.chess.com"]

[Event "Titled Tuesday Blitz November 07 Early 2023"]
[White "Sharapov, Evgeny"]
[Black "Sychev, Klementy"]
[WhiteFideId "14103133"]
[BlackFideId "4114060"]
[WhiteElo "2608"]
[BlackElo "2837"]
[Result "0-1"]
[Round "4"]
[TimeControl "180+1"]
[Date "2023.11.07"]
[WhiteClock "0:02:11"]
[BlackClock "0:01:58"]
[Board "53"]

1. e4 e5 2. Nf3 Nc6 3. Bb5 a6 4. Ba4 f5 5. Bxc6 dxc6 6. Nc3 Nf6 7. Qe2 Bd6 8. d3 f4 9. d4 Bg4 10. dxe5 Bxe5 11. h3 Bh5 12. O-O Qe7 13. Qc4 Bxf3 14. gxf3 O-O-O 15. b4 Rd4 16. Qe2 Rxb4 17. Bd2 Qc5 18. Qe1 Rc4 19. Ne2 Bxa1 20. Qxa1 Rxc2 0-1


[Site "https://www.chess.com"]

[Event "Titled Tuesday Blitz November 07 Early 2023"]
[White "Rustemov, Alexander"]
[Black "Bodnaruk, Anastasia"]
[WhiteFideId "4119002"]
[BlackFideId "4181751"]
[WhiteElo "2837"]
[BlackElo "2608"]
[Result "1-0"]
[Round "4"]
[TimeControl "180+1"]
[Date "2023.11.07"]
[WhiteClock "0:00:27"]
[BlackClock "0:00:00"]
[Board "54"]

1. d4 Nf6 2. c4 g6 3. Nf3 Bg7 4. g3 O-O 5. Bg2 d6 6. O-O Nc6 7. Nc3 e5 8. h3 h6 9. Be3 Re8 10. dxe5 Nxe5 11. Nxe5 Rxe5 12. Qd2 Kh7 13. Bd4 Rh5 14. g4 Rh4 15. f3 Nd7 16. Bf2 Ne5 17. b3 f5 18. f4 Nc6 19. Bxh4 Qxh4 20. e3 fxg4 21. hxg4 Bxg4 22. Rac1 Re8 23. Nd5 h5 24. Qf2 Qd8 25. Rce1 Ne7 26. Kh2 c6 27. Nxe7 Rxe7 28. Bh3 Bxh3 29. Kxh3 Re4 30. Qf3 Qe7 31. Re2 d5 32. cxd5 cxd5 33. Rff2 Bc3 34. Kg2 Bb4 35. f5 Qg5+ 36. Kf1 gxf5 37. Qxf5+ Qxf5 38. Rxf5 Bc5 39. Rxh5+ Kg6 40. Rxd5 b6 41. Kf2 Rh4 42. Kg3 Rh1 43. Kf4 Rf1+ 44. Ke4 Ra1 45. Rf5 a5 46. Rg2+ Kh6 47. Rf3 Rh1 48. Rgg3 Rh4+ 49. Kd3 a4 50. Rh3 Rxh3 51. Rxh3+ Kg5 52. Rf3 axb3 53. axb3 1-0


[Site "https://www.chess.com"]

[Event "Titled Tuesday Blitz November 07 Early 2023"]
[White "Beerdsen, Thomas"]
[Black "Nasir, Zehn"]
[WhiteFideId "1030108"]
[BlackFideId "2613239"]
[WhiteElo "2836"]
[BlackElo "2605"]
[Result "1-0"]
[Round "4"]
[TimeControl "180+1"]
[Date "2023.11.07"]
[WhiteClock "0:00:37"]
[BlackClock "0:00:05"]
[Board "55"]

1. e4 c6 2. d4 d5 3. f3 Qb6 4. Nc3 dxe4 5. Bc4 Nf6 6. fxe4 Bg4 7. Nf3 e6 8. O-O Nbd7 9. Kh1 Bb4 10. e5 Nd5 11. Ne4 O-O 12. Bd3 Be7 13. c3 c5 14. Ng3 cxd4 15. cxd4 Bxf3 16. Rxf3 g6 17. Be3 Nxe3 18. Rxe3 Qxd4 19. Qe2 Bg5 20. Re4 Qd5 21. Bc4 Qc5 22. b4 Qc7 23. Rf1 Bh6 24. h4 Bg7 25. h5 Nxe5 26. hxg6 hxg6 27. Bb3 Rad8 28. Ref4 Nd3 29. Rxf7 Rxf7 30. Rxf7 Qxg3 31. Qxe6 Qh4+ 32. Kg1 Bd4+ 33. Kf1 Qh1+ 34. Ke2 Qxg2+ 35. Kxd3 Bg7+ 36. Rd7+ Kh7 37. Rxd8 Qf3+ 38. Qe3 Qf1+ 39. Kc2 Qg2+ 40. Rd2 Qg4 41. Rh2+ Bh6 42. Qxh6# 1-0


[Site "https://www.chess.com"]

[Event "Titled Tuesday Blitz November 07 Early 2023"]
[White "mind1mover"]
[Black "Perdomo, Carlos Andres"]
[BlackFideId "4400852"]
[WhiteElo "2828"]
[BlackElo "2603"]
[Result "1-0"]
[Round "4"]
[TimeControl "180+1"]
[Date "2023.11.07"]
[WhiteClock "0:00:06"]
[BlackClock "0:00:26"]
[Board "56"]

1. Nf3 c5 2. b3 b6 3. Bb2 Bb7 4. e3 Nf6 5. g3 e6 6. Bg2 Be7 7. O-O O-O 8. Qe2 d5 9. d3 Nbd7 10. Nbd2 Qc7 11. c4 Rfd8 12. cxd5 Nxd5 13. Rfc1 Rac8 14. a3 Qb8 15. e4 N5f6 16. Nc4 b5 17. Nce5 Nxe5 18. Nxe5 a6 19. Rc2 Nd7 20. Nf3 Bf8 21. Rac1 Qa8 22. h4 Rc7 23. Nh2 Rdc8 24. h5 h6 25. Ng4 Kh7 26. Qf3 Nb6 27. Ne5 f5 28. Ng6 c4 29. Be5 Rd7 30. Nxf8+ Rxf8 31. Qe3 cxd3 32. Rd2 Nc8 33. Rxd3 Rxd3 34. Qxd3 Bxe4 35. Bxe4 Qxe4 36. Qxe4 fxe4 37. Rc7 Rg8 38. Rc6 Re8 39. Rxa6 g6 40. hxg6+ Kxg6 41. Ra5 Kf5 42. Rxb5 Ne7 43. Bf4+ Nd5 44. Bxh6 Rc8 45. Kg2 Rc2 46. Bf4 e3 47. Bxe3 Ke4 48. Bg5 Ra2 49. a4 Ra3 50. a5 Nc3 51. Rb4+ Kd5 52. Rc4 Rxb3 53. Rc8 Nb5 54. Rb8 Nd4 55. Rxb3 Nxb3 56. a6 Kc6 57. Be3 Na1 58. a7 Kb7 59. Kf3 Nc2 60. Ke4 Nb4 61. Ke5 Nc6+ 62. Kxe6 Nd8+ 63. Kd7 Nc6 64. Kd6 Nxa7 65. Bxa7 Kxa7 66. g4 Kb7 67. Ke6 Kc8 68. Ke7 Kc7 69. g5 Kc6 70. g6 Kc5 71. g7 1-0


[Site "https://www.chess.com"]

[Event "Titled Tuesday Blitz November 07 Early 2023"]
[White "Mikhailovsky, Vladimir"]
[Black "Kononenko, Dmitry"]
[WhiteFideId "34105414"]
[BlackFideId "14113538"]
[WhiteElo "2828"]
[BlackElo "2598"]
[Result "1-0"]
[Round "4"]
[TimeControl "180+1"]
[Date "2023.11.07"]
[WhiteClock "0:00:04"]
[BlackClock "0:00:00"]
[Board "57"]

1. d4 d5 2. c4 c6 3. Nf3 Nf6 4. Nbd2 e6 5. g3 Nbd7 6. Bg2 Bd6 7. O-O O-O 8. Qc2 e5 9. cxd5 cxd5 10. dxe5 Nxe5 11. Nxe5 Bxe5 12. Nf3 Bd6 13. Rd1 Re8 14. h3 Qb6 15. Nd4 Bc5 16. e3 Bd7 17. Bd2 Ne4 18. Be1 Rac8 19. Qb3 Qf6 20. Qxd5 Bxd4 21. Qxd4 Bc6 22. Qxf6 Nxf6 23. Rac1 Bxg2 24. Kxg2 a6 25. Bc3 Ne4 26. Bd4 f6 27. h4 Kf7 28. Kf3 Nd2+ 29. Ke2 Nc4 30. Rc2 Na5 31. Bc3 Nc6 32. Rcd2 Re7 33. Rd7 Rc7 34. Rxc7 Rxc7 35. Rd5 Ke6 36. e4 Ne7 37. Rd2 Nc8 38. Ke3 Nd6 39. Kf3 Rc4 40. Rd4 Rc6 41. Rd3 Nb5 42. Ke3 Nxc3 43. Rxc3 Rb6 44. b3 Kd7 45. f4 Rb5 46. g4 h5 47. g5 fxg5 48. fxg5 g6 49. Kd4 Kd6 50. Rc8 Rb4+ 51. Ke3 Rb6 52. Rf8 Ke7 53. Rg8 Kf7 54. Rc8 1-0


[Site "https://www.chess.com"]

[Event "Titled Tuesday Blitz November 07 Early 2023"]
[White "Szpar, Milosz"]
[Black "Feuerstack, Aljoscha"]
[WhiteFideId "1184989"]
[BlackFideId "4681932"]
[WhiteElo "2802"]
[BlackElo "2597"]
[Result "1-0"]
[Round "4"]
[TimeControl "180+1"]
[Date "2023.11.07"]
[WhiteClock "0:00:04"]
[BlackClock "0:00:00"]
[Board "58"]

1. e4 c6 2. d4 d5 3. e5 a6 4. Be3 Nh6 5. Bd3 Nf5 6. Nf3 Qb6 7. O-O g6 8. c4 Nxe3 9. fxe3 Qxb2 10. Nbd2 Bh6 11. Qe1 Qc3 12. Qe2 Bf5 13. Bxf5 Qxe3+ 14. Rf2 gxf5 15. Qd1 Qd3 16. Kh1 dxc4 17. e6 O-O 18. Ne5 Qxd4 19. Rxf5 Qxd2 20. Qg4+ Bg7 21. Rg5 Qxg5 22. Qxg5 f6 23. Qh4 fxe5 24. Qxe7 b5 25. Qb7 Nd7 26. exd7 Rad8 27. Qxc6 Rf7 28. Rd1 Rdxd7 29. Re1 Rde7 30. h4 e4 31. Rxe4 Rxe4 32. Qxe4 c3 33. h5 h6 34. Kh2 Rc7 35. Qe8+ Bf8 36. Qg6+ Bg7 37. Qe6+ Rf7 38. Qxa6 Bf6 39. Qc8+ Kg7 40. Qg4+ Kf8 41. Qg6 Bg7 42. Kh3 Rc7 43. Qd6+ Re7 44. Qb8+ Kf7 45. Qxb5 1-0


[Site "https://www.chess.com"]

[Event "Titled Tuesday Blitz November 07 Early 2023"]
[White "elprimo2012mortis"]
[Black "GatoRojo150"]
[WhiteElo "2792"]
[BlackElo "2589"]
[Result "0-1"]
[Round "4"]
[TimeControl "180+1"]
[Date "2023.11.07"]
[WhiteClock "0:00:05"]
[BlackClock "0:00:44"]
[Board "59"]

1. e4 e5 2. Nc3 Nf6 3. Bc4 Nxe4 4. Qh5 Nd6 5. Bb3 Nc6 6. Nb5 g6 7. Qf3 f5 8. Qd5 Qf6 9. Nxc7+ Kd8 10. Nxa8 b6 11. h4 Bb7 12. Qf3 Nd4 13. Qh3 Bxa8 14. d3 f4 15. Bd2 N6f5 16. O-O-O Qc6 17. f3 a5 18. Bc3 a4 19. Bf7 a3 20. Bb3 axb2+ 21. Bxb2 Ne3 22. Bxd4 exd4 23. Ne2 Ba3+ 24. Kb1 Re8 25. Rde1 Nxc2 26. Bxc2 Qb5+ 27. Bb3 Qxd3+ 28. Ka1 Qd2 29. Rb1 Rxe2 30. Ba4 Bb2+ 0-1


[Site "https://www.chess.com"]

[Event "Titled Tuesday Blitz November 07 Early 2023"]
[White "Nazari, Arad"]
[Black "Kozusek, Daniel"]
[WhiteFideId "12577324"]
[BlackFideId "349500"]
[WhiteElo "2785"]
[BlackElo "2587"]
[Result "1-0"]
[Round "4"]
[TimeControl "180+1"]
[Date "2023.11.07"]
[WhiteClock "0:01:53"]
[BlackClock "0:00:02"]
[Board "60"]

1. e4 c6 2. Nf3 d5 3. Nc3 dxe4 4. Nxe4 Nf6 5. Qe2 Nxe4 6. Qxe4 Be6 7. Bc4 Bd5 8. Bxd5 cxd5 9. Qe3 Nc6 10. d4 e6 11. O-O Bd6 12. c3 O-O 13. b4 Rc8 14. Nd2 e5 15. a3 Re8 16. dxe5 Bxe5 17. Qd3 Qc7 18. Nf3 Rcd8 19. Bb2 Bf6 20. Rad1 Ne5 21. Nxe5 Bxe5 22. g3 Qc4 23. Rfe1 Qxd3 24. Rxd3 Re6 25. Red1 Red6 26. Bc1 b5 27. Be3 a6 28. Bc5 R6d7 29. a4 bxa4 30. Ra1 a5 31. bxa5 Rc8 32. Bb4 d4 33. Rxa4 dxc3 34. Rxd7 c2 35. Bd2 c1=Q+ 36. Bxc1 Rxc1+ 37. Kg2 1-0


[Site "https://www.chess.com"]

[Event "Titled Tuesday Blitz November 07 Early 2023"]
[White "Weetik, Vjacheslav"]
[Black "Sydoryka, Vladyslav"]
[WhiteFideId "4153472"]
[BlackFideId "14145928"]
[WhiteElo "2783"]
[BlackElo "2582"]
[Result "0-1"]
[Round "4"]
[TimeControl "180+1"]
[Date "2023.11.07"]
[WhiteClock "0:01:07"]
[BlackClock "0:00:10"]
[Board "61"]

1. d4 Nf6 2. c4 e6 3. g3 d5 4. Nf3 Be7 5. Bg2 O-O 6. O-O dxc4 7. Qc2 a6 8. a4 Bd7 9. Qxc4 Bc6 10. Bf4 Bd6 11. Nc3 a5 12. Rad1 Bxf3 13. Bxf3 c6 14. Bc1 Na6 15. e4 Be7 16. Qe2 Nb4 17. Bg2 Qb6 18. g4 Rad8 19. Be3 Qc7 20. g5 Nd7 21. f4 Rfe8 22. h4 c5 23. Nb5 Qb6 24. Kh1 cxd4 25. Rxd4 Bc5 26. Rd6 Nc6 27. Bxc5 Nxc5 28. e5 Nxa4 29. f5 Nc5 30. f6 Nd7 31. h5 Ndxe5 32. Qxe5 Rxd6 33. Qxd6 Qxb5 34. g6 hxg6 35. hxg6 Qh5+ 36. Kg1 Qxg6 37. fxg7 Qxg7 38. Qd7 Qd4+ 39. Qxd4 Nxd4 40. Bxb7 Rb8 41. Be4 Rxb2 42. Ra1 Ne2+ 43. Kf2 Nc3+ 44. Ke3 Nxe4 45. Kxe4 Rb5 46. Kd4 Rd5+ 47. Ke4 f5+ 48. Kf4 Kf7 49. Rb1 Kf6 50. Ke3 Ke5 51. Rb8 f4+ 52. Kf3 Rd3+ 0-1


[Site "https://www.chess.com"]

[Event "Titled Tuesday Blitz November 07 Early 2023"]
[White "Jaskolka, Tomasz"]
[Black "Mekhitarian, Krikor Sevag"]
[WhiteFideId "1170791"]
[BlackFideId "2107660"]
[WhiteElo "2573"]
[BlackElo "2781"]
[Result "0-1"]
[Round "4"]
[TimeControl "180+1"]
[Date "2023.11.07"]
[WhiteClock "0:00:00"]
[BlackClock "0:00:46"]
[Board "62"]

1. d4 Nf6 2. Nc3 d5 3. Bf4 a6 4. e3 Bf5 5. Nf3 e6 6. a3 c5 7. Bd3 Bxd3 8. cxd3 Nc6 9. dxc5 Bxc5 10. d4 Be7 11. O-O O-O 12. Rc1 Rc8 13. Na4 Nd7 14. Qb3 b5 15. Nc5 Nxc5 16. dxc5 Na5 17. Qd3 Nc4 18. b4 Bf6 19. Bg3 Re8 20. Rb1 h6 21. Rfd1 Nb2 22. Rxb2 Bxb2 23. Be5 Bxe5 24. Nxe5 Qc7 25. f4 Rcd8 26. a4 bxa4 27. Qxa6 Ra8 28. Qe2 Reb8 29. b5 Qxc5 30. Qh5 Qxe3+ 31. Kh1 Qxf4 32. Nd3 Qf5 33. Qh4 Rxb5 34. Nf4 Rb4 35. g3 a3 0-1


[Site "https://www.chess.com"]

[Event "Titled Tuesday Blitz November 07 Early 2023"]
[White "Saydaliev, Saidakbar"]
[Black "Gontcharov, Vladislav"]
[WhiteFideId "14203693"]
[BlackFideId "4123492"]
[WhiteElo "2778"]
[BlackElo "2573"]
[Result "1-0"]
[Round "4"]
[TimeControl "180+1"]
[Date "2023.11.07"]
[WhiteClock "0:00:16"]
[BlackClock "0:00:15"]
[Board "63"]

1. e4 e6 2. d4 d5 3. Nd2 Be7 4. Ngf3 Nf6 5. e5 Nfd7 6. b3 c5 7. Bb2 Nc6 8. Bb5 cxd4 9. Nxd4 Qb6 10. Nxc6 bxc6 11. Bd3 Ba6 12. Qg4 g6 13. O-O O-O 14. h4 Bxd3 15. cxd3 Qb4 16. Qxb4 Bxb4 17. Nf3 c5 18. Rfc1 Rfc8 19. Bc3 Ba3 20. Rc2 Rc6 21. Bb2 Bxb2 22. Rxb2 Rb8 23. Rc1 Rcb6 24. Rbc2 h6 25. Kf1 Kf8 26. Ke2 Ke7 27. Ke3 Rb4 28. d4 a5 29. dxc5 Re4+ 30. Kd3 Nxe5+ 31. Nxe5 Rxe5 32. c6 Rc8 33. Rc5 Rf5 34. f3 Rf4 35. Rxa5 Rc7 36. Rb5 Rxh4 37. a4 Kd6 38. a5 Rxc6 39. Rxc6+ Kxc6 40. Rb6+ Kc7 41. b4 Rh1 42. Kd4 Rg1 43. Kc5 Rxg2 44. a6 Ra2 45. Rb7+ Kc8 46. b5 h5 47. Rxf7 h4 48. Kc6 Kd8 49. a7 h3 50. Rf8+ Ke7 51. a8=Q Rxa8 52. Rxa8 d4 53. Rh8 1-0


[Site "https://www.chess.com"]

[Event "Titled Tuesday Blitz November 07 Early 2023"]
[White "Soham Kamotra"]
[Black "Pakleza, Zbigniew"]
[WhiteFideId "46647490"]
[BlackFideId "1119290"]
[WhiteElo "2567"]
[BlackElo "2771"]
[Result "1-0"]
[Round "4"]
[TimeControl "180+1"]
[Date "2023.11.07"]
[WhiteClock "0:00:08"]
[BlackClock "0:00:04"]
[Board "64"]

1. b3 d5 2. Nf3 Nf6 3. Bb2 Bf5 4. e3 e6 5. Nh4 Bg4 6. Be2 Bxe2 7. Qxe2 Nbd7 8. O-O Be7 9. f4 O-O 10. d3 c5 11. Nf3 Rc8 12. Nbd2 b5 13. c4 a6 14. e4 bxc4 15. dxc4 d4 16. e5 Ne8 17. Ne4 a5 18. Ne1 Nc7 19. Bc1 Na6 20. Bd2 Qb6 21. Nd3 Nb4 22. Bxb4 axb4 23. Rf3 f5 24. exf6 Bxf6 25. a4 bxa3 26. Rxa3 Ra8 27. Qa2 Qc6 28. Nxf6+ gxf6 29. Rxa8 Rxa8 30. Qe2 Nf8 31. h4 Rb8 32. Rg3+ Kf7 33. Qh5+ Ke7 34. Rg7+ Kd8 35. Qf7 Nd7 36. Qe7+ Kc7 37. b4 cxb4 38. Nxb4 Qd6 39. Na6+ Qxa6 40. Qxd7+ Kb6 41. Qc7# 1-0


[Site "https://www.chess.com"]

[Event "Titled Tuesday Blitz November 07 Early 2023"]
[White "Roebers, Eline"]
[Black "Hayrapetyan, Hovik"]
[WhiteFideId "1058401"]
[BlackFideId "13302639"]
[WhiteElo "2560"]
[BlackElo "2769"]
[Result "0-1"]
[Round "4"]
[TimeControl "180+1"]
[Date "2023.11.07"]
[WhiteClock "0:00:01"]
[BlackClock "0:00:19"]
[Board "65"]

1. e4 c5 2. Nf3 d6 3. d4 cxd4 4. Nxd4 Nf6 5. Nc3 a6 6. Rg1 e5 7. Nb3 h5 8. Bg5 Be6 9. Bxf6 Qxf6 10. Nd5 Qd8 11. Qd2 Nd7 12. O-O-O g6 13. Kb1 Bh6 14. Qb4 Qb8 15. a4 b6 16. h3 a5 17. Qc3 O-O 18. Bb5 Bxd5 19. Rxd5 Nf6 20. Rdd1 Nxe4 21. Qf3 Ng5 22. Qd5 Rd8 23. h4 Ne6 24. g4 Nf4 25. Qf3 hxg4 26. Rxg4 Qc7 27. h5 Rac8 28. c3 g5 29. Qe4 Qe7 30. Rxf4 gxf4 31. Bd3 Qf6 32. Rg1+ Kf8 33. Qb7 Rb8 34. Qd5 Ke7 35. Nd2 Qe6 36. Qb5 d5 37. Bc2 e4 38. Nb3 Rg8 39. Rd1 Bg7 40. Rxd5 Rbd8 41. c4 Rxd5 42. cxd5 Qe5 43. Nd2 e3 44. Nc4 e2 45. Nxe5 e1=Q+ 46. Ka2 Qxe5 0-1


[Site "https://www.chess.com"]

[Event "Titled Tuesday Blitz November 07 Early 2023"]
[White "Samunenkov, Ihor"]
[Black "OPQRC"]
[WhiteFideId "14187086"]
[WhiteElo "2769"]
[BlackElo "2552"]
[Result "1/2-1/2"]
[Round "4"]
[TimeControl "180+1"]
[Date "2023.11.07"]
[WhiteClock "0:00:03"]
[BlackClock "0:00:05"]
[Board "66"]

1. e4 c5 2. Nf3 e6 3. d4 cxd4 4. Nxd4 Nf6 5. Nc3 Nc6 6. Nxc6 bxc6 7. e5 Nd5 8. Ne4 Bb7 9. Be2 f5 10. exf6 Nxf6 11. Nd6+ Bxd6 12. Qxd6 Qa5+ 13. Bd2 Qd5 14. Qxd5 cxd5 15. O-O-O O-O 16. f3 Rac8 17. Kb1 e5 18. Bb4 Rfe8 19. Rhe1 d4 20. Bb5 a6 21. Ba4 Bc6 22. Bb3+ Bd5 23. Bd6 Bxb3 24. axb3 e4 25. fxe4 Nxe4 26. Bb4 Rb8 27. Ba5 Rb5 28. Rxd4 Rxa5 29. Rexe4 Rxe4 30. Rxe4 Rg5 31. Re2 Kf7 32. b4 h5 33. Ka2 Rg4 34. Kb3 g5 35. c4 Rd4 36. Kc3 Rf4 37. b3 g4 38. Kb2 h4 39. Ka3 Kf6 40. b5 axb5 41. cxb5 Kg5 42. b6 Rf6 43. Re5+ Kf4 44. Rb5 Rf8 45. b7 Rb8 46. Kb4 Ke3 47. g3 h3 48. Kc5 Kf2 49. Kb6 Kg2 50. Rg5 Kxh2 51. Rxg4 Kg2 52. Kc7 Rxb7+ 53. Kxb7 h2 54. Rh4 Kxg3 55. Rh8 d5 56. b4 d4 57. Ka7 d3 58. Rg8+ Kf2 59. Rh8 Kg2 60. Rg8+ Kf2 61. Rf8+ Kg2 62. Rg8+ Kf2 1/2-1/2


[Site "https://www.chess.com"]

[Event "Titled Tuesday Blitz November 07 Early 2023"]
[White "Senthil Maran K"]
[Black "Goltsev, Dmitry"]
[WhiteFideId "25035681"]
[BlackFideId "24176710"]
[WhiteElo "2557"]
[BlackElo "2758"]
[Result "1/2-1/2"]
[Round "4"]
[TimeControl "180+1"]
[Date "2023.11.07"]
[WhiteClock "0:02:43"]
[BlackClock "0:02:10"]
[Board "67"]

1. d4 Nf6 2. c4 e6 3. Nf3 b6 4. g3 Bb7 5. Bg2 d5 6. O-O Be7 7. cxd5 exd5 8. Nc3 O-O 9. Ne5 Nbd7 10. Qa4 c5 11. Nxd7 Qxd7 12. Qxd7 Nxd7 13. Nxd5 Bxd5 14. Bxd5 Rad8 15. dxc5 Nxc5 16. Bf3 Bf6 17. Rb1 Rfe8 18. Be3 Ne6 19. b3 Nd4 20. Bxd4 Bxd4 21. Rbc1 Bc5 22. Rfd1 Kf8 23. Rxd8 Rxd8 24. Rc2 Ke7 25. Kg2 g6 26. a3 a5 27. a4 Rd1 28. Bc6 h5 29. Bb5 Kf6 30. Bc4 Bb4 31. Kf3 Rd2 32. Rc1 Bc5 33. h3 g5 34. g4 h4 35. Bd3 Rb2 36. Bc4 Rd2 37. Rc3 Bd4 38. Rc1 Bc5 1/2-1/2


[Site "https://www.chess.com"]

[Event "Titled Tuesday Blitz November 07 Early 2023"]
[White "Mindlin, Alon"]
[Black "Gavrilov, Maxim"]
[WhiteFideId "2800071"]
[BlackFideId "24271454"]
[WhiteElo "2756"]
[BlackElo "2547"]
[Result "0-1"]
[Round "4"]
[TimeControl "180+1"]
[Date "2023.11.07"]
[WhiteClock "0:00:12"]
[BlackClock "0:00:10"]
[Board "68"]

1. e4 c5 2. c3 d5 3. exd5 Qxd5 4. d4 Nc6 5. Nf3 Bg4 6. Be2 e6 7. h3 Bh5 8. O-O Nf6 9. Be3 cxd4 10. cxd4 Be7 11. Nc3 Qd6 12. Qb3 O-O 13. Rac1 a6 14. Na4 Nb4 15. Rfd1 Nbd5 16. Qxb7 Nxe3 17. fxe3 Nd5 18. Kf2 Bxf3 19. Bxf3 Bh4+ 20. Ke2 Rab8 21. Qc6 Qg3 22. Rf1 Bg5 23. Rc3 Nxc3+ 24. Qxc3 Rfc8 25. Nc5 Be7 26. b4 e5 27. Bd5 exd4 28. Qxd4 Bxc5 29. bxc5 Rc7 30. c6 Kh8 31. Rf4 f6 32. Bf3 Rcc8 33. Qd7 Rd8 34. c7 Rb2+ 35. Kd3 Rxd7+ 36. Kc3 Rxc7+ 37. Kxb2 Qf2+ 0-1


[Site "https://www.chess.com"]

[Event "Titled Tuesday Blitz November 07 Early 2023"]
[White "Mihailidis, Anastasios"]
[Black "Rosen, Eric"]
[WhiteFideId "4205588"]
[BlackFideId "2032562"]
[WhiteElo "2538"]
[BlackElo "2745"]
[Result "0-1"]
[Round "4"]
[TimeControl "180+1"]
[Date "2023.11.07"]
[WhiteClock "0:00:00"]
[BlackClock "0:00:23"]
[Board "69"]

1. e4 c5 2. Nf3 e6 3. c4 Nc6 4. Nc3 Nd4 5. Nxd4 cxd4 6. Ne2 e5 7. d3 Nf6 8. g3 h5 9. h4 b5 10. b3 Ng4 11. Bg2 bxc4 12. bxc4 Bb4+ 13. Bd2 Qa5 14. Bxb4 Qxb4+ 15. Kf1 Rb8 16. Qc2 d6 17. a3 Qb2 18. Rc1 O-O 19. Qxb2 Rxb2 20. Re1 Bd7 21. Bf3 Rd2 22. Kg2 Rxd3 23. Nc1 Rxa3 24. Re2 Rb8 25. Rd1 Rb1 26. Red2 Ba4 27. Re1 Raa1 28. Nd3 Rxe1 29. Nxe1 Rxe1 30. Ra2 Bd1 31. Bxd1 Rxd1 32. Rxa7 Rd2 33. Kg1 Rxf2 34. Rd7 Rc2 35. Rxd6 Rxc4 36. Rd8+ Kh7 37. Rd7 Rc1+ 38. Kg2 Rc2+ 39. Kg1 f6 40. Rd6 Kg6 41. Rd7 Re2 42. Kf1 Rxe4 43. Kg1 Re3 44. Kg2 Re2+ 45. Kf3 Rf2+ 46. Ke4 Rf1 47. Kd5 d3 48. Ke6 e4 49. Ke7 Ne5 50. Ra7 Nc6+ 51. Kd6 Nxa7 0-1


[Site "https://www.chess.com"]

[Event "Titled Tuesday Blitz November 07 Early 2023"]
[White "Manukian, Artak"]
[Black "Korchmar, Vasiliy"]
[WhiteFideId "13301373"]
[BlackFideId "24131750"]
[WhiteElo "2536"]
[BlackElo "2741"]
[Result "0-1"]
[Round "4"]
[TimeControl "180+1"]
[Date "2023.11.07"]
[WhiteClock "0:01:02"]
[BlackClock "0:01:11"]
[Board "70"]

1. e4 c5 2. Nf3 d6 3. Bb5+ Bd7 4. Bxd7+ Qxd7 5. c4 e5 6. Nc3 Nc6 7. d3 Be7 8. O-O Bd8 9. Nd5 Nge7 10. g3 O-O 11. Nh4 f5 12. Nxe7+ Nxe7 13. Bg5 fxe4 14. dxe4 Nc6 15. Qd5+ Kh8 16. Bxd8 Raxd8 17. Nf5 g6 18. Ne3 Nd4 19. Kg2 Rf3 20. Nc2 Rd3 21. Ne3 Rd2 22. b4 Nf3 23. Kxf3 Rxd5 24. cxd5 cxb4 25. Rac1 Rc8 26. h4 Rc3 27. Rxc3 bxc3 28. Rc1 Qc8 29. Ke2 b5 30. a3 a5 31. Kd3 b4 32. axb4 axb4 33. Rb1 Qa6+ 34. Kc2 Qa2+ 0-1


[Site "https://www.chess.com"]

[Event "Titled Tuesday Blitz November 07 Early 2023"]
[White "Llorente Zaro, Alfonso"]
[Black "Shubenkova, Veronika"]
[WhiteFideId "2254131"]
[BlackFideId "44124040"]
[WhiteElo "2739"]
[BlackElo "2533"]
[Result "1-0"]
[Round "4"]
[TimeControl "180+1"]
[Date "2023.11.07"]
[WhiteClock "0:01:52"]
[BlackClock "0:00:45"]
[Board "71"]

1. e4 e6 2. d3 d5 3. Nd2 Nf6 4. Ngf3 c5 5. g3 Nc6 6. Bg2 Be7 7. O-O O-O 8. Re1 b5 9. exd5 exd5 10. d4 c4 11. a4 b4 12. Ne5 Bd7 13. Ndxc4 dxc4 14. Nxc6 Bxc6 15. Bxc6 Rc8 16. d5 Bc5 17. Qf3 a5 18. Bf4 Qb6 19. Rad1 Qa7 20. d6 Nd7 21. Re7 Rfd8 22. Bg5 f6 23. Qd5+ Kh8 24. Qf7 Bxf2+ 25. Kg2 Rg8 26. Bh6 1-0


[Site "https://www.chess.com"]

[Event "Titled Tuesday Blitz November 07 Early 2023"]
[White "Danielyan, Vahe"]
[Black "Kalogeris, Ioannis"]
[WhiteFideId "13304828"]
[BlackFideId "4239563"]
[WhiteElo "2731"]
[BlackElo "2536"]
[Result "0-1"]
[Round "4"]
[TimeControl "180+1"]
[Date "2023.11.07"]
[WhiteClock "0:00:03"]
[BlackClock "0:00:39"]
[Board "72"]

1. e4 e5 2. Nf3 Nc6 3. Bb5 a6 4. Ba4 b5 5. Bb3 Nf6 6. O-O Bc5 7. a4 Rb8 8. axb5 axb5 9. Nxe5 Nxe5 10. d4 Bxd4 11. Qxd4 d6 12. f4 Nc6 13. Qc3 Ne7 14. Nd2 O-O 15. e5 Nfd5 16. Qg3 Nf5 17. Qf2 Nde3 18. Re1 Ng4 19. Qe2 Nd4 20. Qd3 c5 21. Ne4 Qh4 22. Qg3 Qxg3 23. hxg3 c4 24. Ba2 Nxc2 25. Bd2 Nxa1 26. Rxa1 dxe5 27. b3 Ra8 28. bxc4 Be6 29. Bb4 Rfd8 30. Bc3 Rxa2 31. Rxa2 Rd1+ 0-1


[Site "https://www.chess.com"]

[Event "Titled Tuesday Blitz November 07 Early 2023"]
[White "Rietze, Clemens, Dr."]
[Black "Preotu, Razvan"]
[WhiteFideId "24620351"]
[BlackFideId "2613280"]
[WhiteElo "2532"]
[BlackElo "2731"]
[Result "0-1"]
[Round "4"]
[TimeControl "180+1"]
[Date "2023.11.07"]
[WhiteClock "0:00:03"]
[BlackClock "0:00:10"]
[Board "73"]

1. d4 Nf6 2. c4 g6 3. f3 Nc6 4. d5 Ne5 5. e4 d6 6. Nc3 Bg7 7. f4 Ned7 8. Nh3 O-O 9. Nf2 e6 10. dxe6 fxe6 11. Be3 b6 12. Be2 Bb7 13. Qc2 Nc5 14. O-O-O Qe7 15. h4 Nfd7 16. Bf3 e5 17. f5 gxf5 18. exf5 e4 19. Bg4 Ne5 20. Bg5 Qf7 21. Nd5 Bxd5 22. Rxd5 c6 23. Rxd6 Nxg4 24. Nxg4 Qxf5 25. Ne3 Qe5 26. Rxc6 Nd3+ 27. Kb1 Nxb2 28. Ng4 Qd4 29. Bh6 Nd3 30. Bxg7 Qxg7 31. Nh6+ Kh8 32. Rd6 Rf2 33. Qb2 Qxb2# 0-1


[Site "https://www.chess.com"]